TOP OF THE 1ST |
---|
Oceanside Swamp Foxes batting - Pitching for San Francisco Macho Men : RHP Raúl Alonzo | Pitching: RHP Raúl Alonzo | | Batting: LHB Ernesto Rivera | 0-0: Ball 1-0: Swinging Strike 1-1: Called Strike 1-2: Ground out 6-3 (Groundball, 6) | Batting: RHB Ricardo López | 0-0: Called Strike 0-1: Ball 1-1: Swinging Strike 1-2: Fly out, F7 (Flyball, 7S) | Batting: SHB León Galló | 0-0: Ball 1-0: Called Strike 1-1: SINGLE (Groundball, 4D) | Batting: RHB Howard Reed | 0-0: Ball 1-0: Called Strike 1-1: Ball 2-1: Ball 3-1: Fly out, F9 (Flyball, 9S) | Top of the 1st over - 0 runs, 1 hit, 0 errors, 1 left on base; Oceanside 0 - San Francisco 0 | BOTTOM OF THE 1ST |
---|
San Francisco Macho Men batting - Pitching for Oceanside Swamp Foxes : LHP Guillermo Quiñones | Pitching: LHP Guillermo Quiñones | | Batting: RHB Dave MacGruder | 0-0: Ball 1-0: Swinging Strike 1-1: Foul Ball, location: 2F 1-2: Strikes out swinging | Batting: RHB Vincent Abrams | 0-0: Foul Ball, location: 2F 0-1: Foul Ball, location: 2F 0-2: SINGLE (Flyball, 89M) | Batting: RHB Awragh Hazem | 0-0: Ball 1-0: Fly out, F4 (Popup, 4) | Batting: RHB Ánibal López | 0-0: DOUBLE (Line Drive, 7LD) Vincent Abrams to third | Batting: RHB Derek Hartman | 0-0: Called Strike 0-1: Fly out, F7 (Flyball, 7S) | Bottom of the 1st over - 0 runs, 2 hits, 0 errors, 2 left on base; Oceanside 0 - San Francisco 0 | TOP OF THE 2ND |
---|
Oceanside Swamp Foxes batting - Pitching for San Francisco Macho Men : RHP Raúl Alonzo | Batting: RHB Bert Larson | 0-0: Ball 1-0: Swinging Strike 1-1: Swinging Strike 1-2: Foul Ball, location: 2F 1-2: SINGLE (Groundball, 6MD) | Batting: RHB Rubén Ramírez | 0-0: Ball 1-0: Swinging Strike 1-1: Ball 2-1: Ball 3-1: Called Strike 3-2: Fielders Choice at 2nd, 4-6 (Groundball, 34) | Batting: RHB Pat Greene | 0-0: Called Strike 0-1: Ball 1-1: Ball 2-1: Foul Ball, location: 2F 2-2: Fly out, F7 (Flyball, 7LSF) | Batting: RHB Owen Parra | 0-0: Ball Rubén Ramírez is caught stealing 2nd base | Top of the 2nd over - 0 runs, 1 hit, 0 errors, 0 left on base; Oceanside 0 - San Francisco 0 | BOTTOM OF THE 2ND |
---|
San Francisco Macho Men batting - Pitching for Oceanside Swamp Foxes : LHP Guillermo Quiñones | Batting: RHB Weldon Duke | 0-0: Ball 1-0: Fly out, F3 (Popup, 34) | Batting: RHB Bob Jones | 0-0: Called Strike 0-1: Fly out, F4 (Line Drive, 4M) | Batting: RHB Dave Bennett | 0-0: Swinging Strike 0-1: Fly out, F9 (Flyball, 9LM) | Bottom of the 2nd over - 0 runs, 0 hits, 0 errors, 0 left on base; Oceanside 0 - San Francisco 0 | TOP OF THE 3RD |
---|
Oceanside Swamp Foxes batting - Pitching for San Francisco Macho Men : RHP Raúl Alonzo | Batting: RHB Owen Parra | 0-0: Foul Ball, location: 2F 0-1: Ball 1-1: Called Strike 1-2: Ball 2-2: Ball 3-2: Base on Balls | Batting: RHB Roberto Ramírez | 0-0: Foul Ball, location: 2F 0-1: Ball 1-1: Ball 2-1: Fly out, F3 (Popup, 34S) | Batting: LHB Ernesto Rivera | 0-0: Called Strike 0-1: Swinging Strike 0-2: SINGLE (Line Drive, 7S) Owen Parra to second | Batting: RHB Ricardo López | 0-0: Foul Ball, location: 2F 0-1: Ball 1-1: Ground out 5-3 (Groundball, 56S) Owen Parra to third Ernesto Rivera to second | Batting: SHB León Galló | 0-0: Ball 1-0: Hit by Pitch | Batting: RHB Howard Reed | 0-0: Foul Ball, location: 2F 0-1: Called Strike 0-2: Ball 1-2: Foul Ball, location: 2F 1-2: Ball 2-2: Ball 3-2: Foul Ball, location: 2F 3-2: Foul Ball, location: 2F 3-2: Base on Balls Owen Parra scores Ernesto Rivera to third León Galló to second | Batting: RHB Bert Larson | 0-0: Ball 1-0: Ball 2-0: Foul Ball, location: 2F Balk! Ernesto Rivera scores León Galló to third Howard Reed to second 2-1: Ball 3-1: Ground out 5-3 (Groundball, 5) | Top of the 3rd over - 2 runs, 1 hit, 0 errors, 2 left on base; Oceanside 2 - San Francisco 0 | BOTTOM OF THE 3RD |
---|
San Francisco Macho Men batting - Pitching for Oceanside Swamp Foxes : LHP Guillermo Quiñones | Batting: RHB Lawrence Pérez | 0-0: Ball 1-0: Foul Ball, location: 2F 1-1: Ball 2-1: Fly out, F4 (Popup, 34) | Batting: RHB Dave MacGruder | 0-0: Ball 1-0: Ball 2-0: Ball 3-0: Called Strike 3-1: Ground out U3 (Groundball, 34) | Batting: RHB Vincent Abrams | 0-0: Called Strike 0-1: Ball 1-1: Foul Ball, location: 2F 1-2: Ball 2-2: Strikes out swinging | Bottom of the 3rd over - 0 runs, 0 hits, 0 errors, 0 left on base; Oceanside 2 - San Francisco 0 | TOP OF THE 4TH |
---|
Oceanside Swamp Foxes batting - Pitching for San Francisco Macho Men : RHP Raúl Alonzo | Batting: RHB Rubén Ramírez | 0-0: Ball 1-0: Foul Ball, location: 2F 1-1: Ball 2-1: Ball 3-1: Fly out, F4 (Popup, 34D) | Batting: RHB Pat Greene | 0-0: Ball 1-0: Ground out U3 (Groundball, 34S) | Batting: RHB Owen Parra | 0-0: Called Strike 0-1: Ball 1-1: Foul Ball, location: 2F 1-2: Fly out, F6 (Line Drive, 6) | Top of the 4th over - 0 runs, 0 hits, 0 errors, 0 left on base; Oceanside 2 - San Francisco 0 | BOTTOM OF THE 4TH |
---|
San Francisco Macho Men batting - Pitching for Oceanside Swamp Foxes : LHP Guillermo Quiñones | Batting: RHB Awragh Hazem | 0-0: Called Strike 0-1: Ball 1-1: Foul Ball, location: 2F 1-2: Ball 2-2: Strikes out looking | Batting: RHB Ánibal López | 0-0: Ball 1-0: Called Strike 1-1: Ball 2-1: Ground out U3 (Groundball, 3) | Batting: RHB Derek Hartman | 0-0: Called Strike 0-1: Ball 1-1: SINGLE (Line Drive, 56) | Batting: RHB Weldon Duke | 0-0: Called Strike 0-1: Foul Ball, location: 2F 0-2: Ball 1-2: Ball 2-2: Fielders Choice at 2nd, 5-4 (Groundball, 5) | Bottom of the 4th over - 0 runs, 1 hit, 0 errors, 1 left on base; Oceanside 2 - San Francisco 0 | TOP OF THE 5TH |
---|
Oceanside Swamp Foxes batting - Pitching for San Francisco Macho Men : RHP Raúl Alonzo | Batting: RHB Roberto Ramírez | 0-0: Ball 1-0: Called Strike 1-1: Ball 2-1: Foul Ball, location: 2F 2-2: Ball 3-2: Ground out 5-3 (Groundball, 56) | Batting: LHB Ernesto Rivera | 0-0: Called Strike 0-1: Fly out, F9 (Line Drive, 89M) | Batting: RHB Ricardo López | 0-0: Called Strike 0-1: Called Strike 0-2: Strikes out swinging | Top of the 5th over - 0 runs, 0 hits, 0 errors, 0 left on base; Oceanside 2 - San Francisco 0 | BOTTOM OF THE 5TH |
---|
San Francisco Macho Men batting - Pitching for Oceanside Swamp Foxes : LHP Guillermo Quiñones | Batting: RHB Bob Jones | 0-0: Swinging Strike 0-1: Ball 1-1: Ground out 6-3 (Groundball, 6M) | Batting: RHB Dave Bennett | 0-0: Called Strike 0-1: Swinging Strike 0-2: Ball 1-2: Ball 2-2: Foul Ball, location: 2F 2-2: Strikes out swinging | Batting: RHB Lawrence Pérez | 0-0: Fly out, F9 (Flyball, 89S) | Bottom of the 5th over - 0 runs, 0 hits, 0 errors, 0 left on base; Oceanside 2 - San Francisco 0 | TOP OF THE 6TH |
---|
Oceanside Swamp Foxes batting - Pitching for San Francisco Macho Men : RHP Raúl Alonzo | Pitching: RHP Javier Santos | | Batting: SHB León Galló | 0-0: Called Strike 0-1: Ball 1-1: Foul Ball, location: 2F 1-2: Ball 2-2: Ball 3-2: Strikes out swinging | Batting: RHB Howard Reed | 0-0: Called Strike 0-1: Reached on error, E3 (Groundball, 3S) | Batting: RHB Bert Larson | 0-0: Called Strike 0-1: Called Strike 0-2: Foul Ball, location: 2F 0-2: Ground out 5-3 (Groundball, 56S) Howard Reed to third | Batting: RHB Rubén Ramírez | 0-0: Called Strike 0-1: Ball 1-1: Ball 2-1: Foul Ball, location: 2F 2-2: Fly out, F7 (Flyball, 7LD) | Top of the 6th over - 0 runs, 0 hits, 1 error, 1 left on base; Oceanside 2 - San Francisco 0 | BOTTOM OF THE 6TH |
---|
San Francisco Macho Men batting - Pitching for Oceanside Swamp Foxes : LHP Guillermo Quiñones | Batting: RHB Dave MacGruder | 0-0: SINGLE (Groundball, 4MD) | Batting: RHB Vincent Abrams | 0-0: Called Strike 0-1: Called Strike 0-2: Ball 1-2: Ball 2-2: Foul Ball, location: 2F 2-2: Ball 3-2: Foul Ball, location: 2F 3-2: Fly out, F7 (Line Drive, 7LD) | Batting: RHB Awragh Hazem | 0-0: Called Strike 0-1: Called Strike 0-2: Ball 1-2: Fly out, F9 (Line Drive, 89S) | Batting: RHB Ánibal López | 0-0: Ball 1-0: Fly out, F6 (Popup, 6) | Bottom of the 6th over - 0 runs, 1 hit, 0 errors, 1 left on base; Oceanside 2 - San Francisco 0 | TOP OF THE 7TH |
---|
Oceanside Swamp Foxes batting - Pitching for San Francisco Macho Men : RHP Javier Santos | Batting: RHB Pat Greene | 0-0: Ball 1-0: Foul Ball, location: 2F 1-1: Ball 2-1: Ball 3-1: Called Strike 3-2: SINGLE (Groundball, 5S) (infield hit) | Batting: RHB Owen Parra | 0-0: Swinging Strike 0-1: Ball 1-1: Bunted foul 1-2: Foul Ball, location: 2F 1-2: Ball 2-2: Fly out, F8 (Flyball, 8RD) | Batting: RHB Roberto Ramírez | 0-0: Called Strike 0-1: Called Strike 0-2: Fly out, F3 (Popup, 34S) | Batting: LHB Ernesto Rivera | 0-0: Ball 1-0: Called Strike 1-1: Foul Ball, location: 2F 1-2: DOUBLE (Line Drive, 78D) Pat Greene to third Runner from 3rd tries for Home, SAFE, no throw | Batting: RHB Ricardo López | 0-0: Ball 1-0: Called Strike 1-1: SINGLE (Line Drive, 9LS) Ernesto Rivera to third Runner from 3rd tries for Home, SAFE, no throw | Pitching: RHP José Zamora | | Batting: SHB León Galló | 0-0: Called Strike 0-1: Foul Ball, location: 2F 0-2: Foul Ball, location: 2F 0-2: Ball 1-2: Strikes out swinging | Top of the 7th over - 2 runs, 3 hits, 0 errors, 1 left on base; Oceanside 4 - San Francisco 0 | BOTTOM OF THE 7TH |
---|
San Francisco Macho Men batting - Pitching for Oceanside Swamp Foxes : LHP Guillermo Quiñones | Batting: RHB Derek Hartman | 0-0: Called Strike 0-1: Ball 1-1: Ball 2-1: SINGLE (Line Drive, 56D) | Batting: RHB Weldon Duke | 0-0: Ball 1-0: Called Strike 1-1: Ball 2-1: Called Strike 2-2: Ground out 4-3 (Groundball, 4S) Derek Hartman to second | Batting: RHB Bob Jones | 0-0: Called Strike 0-1: Ball 1-1: Ball 2-1: Ball 3-1: Called Strike 3-2: Strikes out looking | Batting: RHB Dave Bennett | 0-0: Ground out 4-3 (Groundball, 34) | Bottom of the 7th over - 0 runs, 1 hit, 0 errors, 1 left on base; Oceanside 4 - San Francisco 0 | TOP OF THE 8TH |
---|
Oceanside Swamp Foxes batting - Pitching for San Francisco Macho Men : RHP José Zamora | Batting: RHB Howard Reed | 0-0: Swinging Strike 0-1: Foul Ball, location: 2F 0-2: Ground out 2-3 (Groundball, 2L) | Batting: RHB Bert Larson | 0-0: Called Strike 0-1: Ball 1-1: Foul Ball, location: 2F 1-2: Foul Ball, location: 2F 1-2: Ball 2-2: Ground out 6-3 (Groundball, 6) | Batting: RHB Rubén Ramírez | 0-0: Ball 1-0: Called Strike 1-1: Fly out, F5 (Line Drive, 5) | Top of the 8th over - 0 runs, 0 hits, 0 errors, 0 left on base; Oceanside 4 - San Francisco 0 | BOTTOM OF THE 8TH |
---|
San Francisco Macho Men batting - Pitching for Oceanside Swamp Foxes : LHP Guillermo Quiñones | Batting: RHB Lawrence Pérez | 0-0: Ball 1-0: Foul Ball, location: 2F 1-1: DOUBLE (Line Drive, 9LS) | Batting: RHB Dave MacGruder | 0-0: Ball 1-0: Ground out 6-3 (Groundball, 6S) Lawrence Pérez to third | Batting: RHB Vincent Abrams | 0-0: Fly out, F8 (Flyball, 8LD) Runner from 3rd tags up, OUT at HOME | Bottom of the 8th over - 0 runs, 1 hit, 0 errors, 0 left on base; Oceanside 4 - San Francisco 0 | TOP OF THE 9TH |
---|
Oceanside Swamp Foxes batting - Pitching for San Francisco Macho Men : RHP José Zamora | Batting: RHB Pat Greene | 0-0: Ball 1-0: Fly out, F4 (Popup, 23) | Batting: RHB Owen Parra | 0-0: Called Strike 0-1: Reached on error, E5 (Groundball, 56) | Batting: RHB Roberto Ramírez | 0-0: Ball 1-0: Ball 2-0: Foul Ball, location: 2F 2-1: Called Strike 2-2: Ball 3-2: Foul Ball, location: 2F 3-2: Foul Ball, location: 2F 3-2: Ground out 4-3 (Groundball, 34) Owen Parra to third | Batting: LHB Ernesto Rivera | 0-0: Called Strike 0-1: Ball 1-1: Ball 2-1: Ball 3-1: Base on Balls | Batting: RHB Ricardo López | 0-0: Called Strike 0-1: Ball 1-1: Foul Ball, location: 2F 1-2: Fielders Choice at 2nd, 6-4 (Groundball, 6) | Top of the 9th over - 0 runs, 0 hits, 1 error, 2 left on base; Oceanside 4 - San Francisco 0 | BOTTOM OF THE 9TH |
---|
San Francisco Macho Men batting - Pitching for Oceanside Swamp Foxes : LHP Guillermo Quiñones | Batting: RHB Awragh Hazem | 0-0: Ball 1-0: Ball 2-0: Foul Ball, location: 2F 2-1: Ball 3-1: Fly out, F9 (Flyball, 9) | Batting: RHB Ánibal López | 0-0: Called Strike 0-1: Ground out 6-3 (Groundball, 56D) | Batting: RHB Derek Hartman | 0-0: Ball 1-0: Ground out 1-3 (Groundball, 15S) | Bottom of the 9th over - 0 runs, 0 hits, 0 errors, 0 left on base; Oceanside 4 - San Francisco 0 | |